 Dungeon Crawl Stone Soup version 0.31-a0-175-g9f7f995f2b (webtiles) character file.

Game seed: 17193362797531112186

123 qw the Chopper (level 5, 0/32 HPs)
             Began as a Gargoyle Fighter on June 16, 2023.
             Slain by an orc wizard
             ... wielding a +0 dagger
              (2 damage)
             ... on level 4 of the Dungeon.
             The game lasted 00:01:03 (2099 turns).

qw the Chopper (Gargoyle Fighter)                   Turns: 2099, Time: 00:01:03

Health: 0/32       AC: 14    Str: 22      XL:     5   Next: 7%
Magic:  5/5        EV:  6    Int:  7 (8)  God:
Gold:   141        SH:  4    Dex:  9      Spells: 4/4 levels left

rFire   . . .        Y - +0 war axe
rCold   . . .        c - +0 buckler
rNeg    + . .        b - +0 scale mail
rPois   inf          k - +0 helmet
rElec   +            m - +0 cloak
rCorr   .            i - +0 pair of gloves
SInv    .            (no boots)
Will    .....        h - amulet of faith Stlth
                     (no ring)
HPRegen 0.25/turn    (no ring)
MPRegen 0.09/turn

%: faith
@: constricted
A: sickness immunity, AC +4, negative energy resistance 1, electricity
resistance, torment resistance 1, petrification resistance
a: no special abilities


You were on level 4 of the Dungeon.
You visited 1 branch of the dungeon, and saw 4 of its levels.

You collected 141 gold pieces.


Innate Abilities, Weirdness & Mutations

You are immune to sickness and miasma.
Your stone body is resilient. (AC +4)
You are immune to poison.
You resist negative energy. (rN+)
You are resistant to electric shocks. (rElec)
You are resistant to unholy torment.
You are immune to petrification.


   Skills:
 - Level 3.2 Fighting
 + Level 4.6 Axes
 - Level 3.2 Armour
 - Level 3.2 Shields


You had 4 spell levels left.
You didn't know any spells.
Your spell library was empty.

Inventory:

Hand Weapons
 e - a +0 flail
 Y - a +0 war axe (weapon)
Armour
 b - a +0 scale mail (worn)
 c - a +0 buckler (worn)
 i - a +0 pair of gloves (worn)
 k - a +0 helmet (worn)
 m - a +0 cloak (worn)
Jewellery
 h - an amulet of faith (around neck)
Scrolls
 a - a scroll of identify
Potions
 d - 4 potions of might
 g - a potion of heal wounds {unknown}
 j - a potion of berserk rage {unknown}
 l - a potion of haste {unknown}

Dungeon Overview and Level Annotations

Branches:
Dungeon (4/15)
 Temple: D:4-7

Altars:

Annotations:
D:3 1 runed translucent door, Crazy Yiuf


Message History

The orc wizard flickers and vanishes!
Deactivating autopickup; reactivate with Ctrl-A.
The orc hits you but does no damage.
You barely miss the orc. You hit something.
You hear some strange, mumbled words.
You are confused.
The orc hits you but does no damage. The orc hits you with a +0 flail.
The orc wizard gestures at you while chanting.
The magic dart hits you but does no damage.
Something completely misses you. The orc priest completely misses you.
The orc closely misses you.
The orc wizard hits you but does no damage.
Something hits you.
The orc priest hits you but does no damage.
The orc closely misses you.
The ball python bites you but does no damage.
The ball python grabs you. The ball python constricts you.
The orc wizard barely misses you. Something hits you but does no damage.
The orc priest hits you with a +0 short sword.
The orc barely misses you. The ball python barely misses you.
The ball python constricts you.
You feel less confused.
The orc wizard hits you but does no damage.
Something hits you but does no damage. The orc hits you with a +0 flail.
You block the orc priest's attack.
The ball python bites you but does no damage.
The ball python constricts you.
You closely miss the ball python. You barely miss the orc priest.
You closely miss the orc. You miss something. You hit the orc wizard.
The ball python bites you but does no damage.
The ball python constricts you.
The orc wizard gestures at you while chanting.
You resist with some effort. You block something's attack.
The orc priest invokes the aid of Beogh against you.
Pain shoots through your body! The orc hits you with a +0 flail.
The ball python bites you but does no damage.
The ball python constricts you. Something hits you but does no damage.
The orc wizard hits you with a +0 dagger.
You die...

#...## ###....##
##<......#
##.......## #
#...).....# ..
##.......#####...
####.....#......
###..{.......
#....@o......
#......Soo......
#....#........#.
......#........#
............###..
............. .
..........#..#
...#...#...


You could see an orc priest, an orc wizard, an orc and a ball python.

Vanquished Creatures
  Natasha (D:1)
  5 adders
  A worm (D:2)
  A dart slug (D:2)
  6 bats
  5 endoplasms
  2 giant cockroaches
  4 goblins
  4 hobgoblins
  4 kobolds
  3 quokkas
  7 ball pythons
  3 frilled lizards
  3 rats
49 creatures vanquished.

Notes
Turn   | Place    | Note
-------+----------+-------------------------------------------
     0 | D:1      | qw the Gargoyle Fighter began the quest for the Orb.
     0 | D:1      | Reached XP level 1. HP: 14/14 MP: 1/1
     0 | D:1      | 0 ||| qw: Version: 0.2-a-29-g511e9b1
     0 | D:1      | 0 ||| qw: Game counter: 5788
     0 | D:1      | 0 ||| qw: Always use a shield: true
     0 | D:1      | 0 ||| qw: God list: Okawaru
     0 | D:1      | 0 ||| qw: Allow faded altars: false
     0 | D:1      | 0 ||| qw: Do Orc after D:15 true
     0 | D:1      | 0 ||| qw: Do second Lair branch before Depths: true
     0 | D:1      | 0 ||| qw: Lair rune preference: random
     0 | D:1      | 0 ||| qw: Plans: Normal, Zot:1-4, Slime:5, God:TSO, Crypt,
                  | Tomb, Abyss, Pan, Hells, Win
     0 | D:1      | 0 ||| PLANNING D:1-11
    21 | D:1      | Reached skill level 2 in Axes
   137 | D:1      | Reached XP level 2. HP: 19/19 MP: 2/2
   515 | D:1      | Found a faded altar of an unknown god.
   754 | D:1      | 754 ||| READING scroll labelled SIUCEHOM YNUSCH.
   755 | D:1      | 755 ||| READING scroll labelled DELYSEKOGG.
   756 | D:1      | 756 ||| DRINKING 2 brown potions.
   757 | D:1      | 757 ||| DROPPING potion of degeneration.
   800 | D:2      | Noticed Natasha
   801 | D:2      | 801 ||| STAIRDANCE
   804 | D:1      | Reached skill level 3 in Axes
   820 | D:2      | 820 ||| STAIRDANCE
   823 | D:1      | Killed Natasha
   824 | D:1      | Reached XP level 3. HP: 17/23 MP: 3/3
   862 | D:2      | 862 ||| Stepping ~*~*~tactically~*~*~ (stealth).
  1124 | D:2      | Reached XP level 4. HP: 28/28 MP: 4/4
  1170 | D:2      | Reached skill level 4 in Axes
  1411 | D:2      | 1411 ||| UPGRADING to +0 pair of gloves.
  1416 | D:2      | 1416 ||| UPGRADING to +0 helmet.
  1421 | D:2      | 1421 ||| UPGRADING to +0 cloak.
  1426 | D:2      | 1426 ||| DROPPING ring of wizardry.
  1427 | D:2      | 1427 ||| DRINKING 2 fuming puce potions.
  1428 | D:2      | 1428 ||| DROPPING potion of brilliance.
  1485 | D:3      | 1485 ||| DROPPING +0 whip.
  1822 | D:3      | Reached XP level 5. HP: 31/32 MP: 5/5
  2021 | D:3      | Found a runed translucent door.
  2022 | D:3      | Noticed Crazy Yiuf
  2025 | D:3      | 2025 ||| UPGRADING to amulet of faith.
  2030 | D:3      | 2030 ||| READING 2 scrolls of identify.
  2030 | D:3      | 2030 ||| IDENTIFYING puce potion
  2031 | D:3      | 2031 ||| DROPPING potion of ambrosia.
  2098 | D:4      | HP: 7/32 [orc/+0 flail (6)]
  2099 | D:4      | HP: 3/32 [orc priest/nerve-wracking pain (5)]
  2099 | D:4      | Slain by an orc wizard

Levels and vault maps discovered:
D:1:      dpeg_arrival_chambers_temple_mockup, layout_basic,
          ebering_ecumenical_altar_webs, minmay_tromino_v4_b
D:2:      minmay_diamond_boxcup, layout_rooms, uniq_natasha
D:3:      layout_loops_ring, uniq_crazy_yiuf_cottage
D:4:      layout_cave_pools, eat_drink_and_be_merry_uskayaw

Skill      XL: |  1  2  3  4 |
---------------+-------------+-----
Axes           | 2 3 4 |  4.6
Fighting       | |  3.2
Armour         | |  3.2
Shields        | |  3.2

Action                     |  1- 3 |  4- 6 || total
---------------------------+-------+-------++-------
  Melee: War axe           |    89 |    82 ||   171
    Use: Scroll            |     2 |     1 ||     3
         Potion            |     1 |     1 ||     2
 Armour: Scale mail        |    46 |    54 ||   100
  Dodge: Dodged            |    41 |    44 ||    85
  Block: Buckler           |    15 |    25 ||    40

Table legend:
 A = Non-vault XP
 B = Vault XP
 C = Vault XP percentage of total XP
 D = Non-vault monster count
 E = Vault monster count
 F = Vault count percentage of total count
                 A         B        C        D         E       F
            +---------+---------+-------+---------+---------+-------
      Total |      94 |      82 |  46.6 |      38 |      11 |  22.4
            +---------+---------+-------+---------+---------+-------
        D:1 |      26 |      39 |  60.0 |      15 |       3 |  16.7
        D:2 |      18 |      43 |  70.5 |      13 |       8 |  38.1
        D:3 |      50 |       0 |   0.0 |      10 |       0 |   0.0
            +---------+---------+-------+---------+---------+-------
